 Dungeon Crawl Stone Soup version 0.27.1-3-gb3d3a73c9e (webtiles) character file.

Game seed: 12628319394198681927

58296 Urokeeper the Sharpshooter (level 14, -1/135 HPs)
             Began as a Deep Dwarf Hunter on Oct 12, 2021.
             Was the Champion of Makhleb.
             Slain by an Executioner (14 damage)
             ... summoned by the player character
             ... on level 3 of the Lair of Beasts.
             The game lasted 00:58:48 (15188 turns).

Urokeeper the Sharpshooter (Deep Dwarf Hunter)     Turns: 15188, Time: 00:58:48

Health: -1/135     AC: 21    Str: 24    XL:     14   Next: 48%
Magic:  2/2        EV: 15    Int: 17    God:    Makhleb [******]
Gold:   256        SH:  0    Dex: 20    Spells: 13/13 levels left

rFire    + + +     SeeInvis +   g - +3 arbalest of Decaying Optimality {venom, Str+4}
rCold    . . .     Faith    .   (shield currently unavailable)
rNeg     + . .     Spirit   .   e - +7 scale mail of Living Surprise {rF+}
rPois    +         Reflect  .   m - +0 helmet
rElec    .         Harm     .   s - scarf {repulsion}
rCorr    .         Rampage  .   j - +0 pair of gloves "Koace" {Fly rF+ Str+4}
Will     +....                  w - +2 pair of boots
Stlth    ++........             (no amulet)
HPRegen  0.00/turn              T - ring of Peaklits {rPois rF+ Will- Int+4 Dex+3}
MPRegen  0.08/turn              y - ring of see invisible

@: about to teleport, flying, slowed, repel missiles, very slow
A: damage resistance, heal wounds, negative energy resistance 1, sense
surroundings 2, no regeneration
a: Heal Wounds, Renounce Religion, Minor Destruction, Lesser Servant of Makhleb,
Major Destruction, Greater Servant of Makhleb


You were on level 3 of the Lair of Beasts.
You worshipped Makhleb.
Makhleb was exalted by your worship.
You visited 4 branches of the dungeon, and saw 18 of its levels.
You also visited: Ossuary.

You collected 1912 gold pieces.
You spent 1656 gold pieces at shops.

Inventory:

Hand Weapons
 g - the +3 arbalest of Decaying Optimality (weapon) {venom, Str+4}
   (You acquired it on level 8 of the Dungeon)

   Any ammunition fired from it poisons the flesh of those it strikes.
   Str:       It affects your strength (+4).
 P - a +8 vorpal battleaxe
 Q - the +2 war axe of the Five Spines {vorpal, +Rage Str+3}
   (You found it on level 10 of the Dungeon)

   It inflicts extra damage upon your enemies.
   Str:       It affects your strength (+3).
   +Rage:     It lets you go berserk.
Missiles
 d - 7 bolts (quivered ammo)
 M - 95 poisoned darts
 N - 2 throwing nets
Armour
 e - the +7 scale mail of Living Surprise (worn) {rF+}
   (You found it on level 10 of the Dungeon)

   rF:        It protects you from fire.
 j - the +0 pair of gloves "Koace" (worn) {Fly rF+ Str+4}
   (You acquired it on level 1 of the Orcish Mines)

   Str:       It affects your strength (+4).
   rF:        It protects you from fire.
   Fly:       It grants you flight.
 m - a +0 helmet (worn)
 s - a scarf of repulsion (worn)
 w - a +2 pair of boots (worn)
Jewellery
 k - a +4 ring of protection
 n - a +6 ring of strength
 o - a ring of wizardry
 t - a +4 ring of evasion
 x - a ring of fire
 y - a ring of see invisible (right hand)
 T - the ring of Peaklits (left hand) {rPois rF+ Will- Int+4 Dex+3}
   (You bought it in a shop on level 2 of the Orcish Mines)

   [ring of protection from fire]

   Int:       It affects your intelligence (+4).
   Dex:       It affects your dexterity (+3).
   rF:        It protects you from fire.
   rPois:     It protects you from poison.
   Will:      It decreases your willpower.
 W - a ring of protection from cold
 X - a ring of wizardry
Wands
 v - a wand of iceblast (14)
 J - a wand of polymorph (9)
 O - a wand of acid (2)
 R - a wand of paralysis (3)
 U - a wand of flame (25)
Scrolls
 a - a scroll of noise {unknown}
 i - 5 scrolls of fear
 p - 4 scrolls of amnesia
 u - a scroll of silence
 A - 2 scrolls of vulnerability
 B - 2 scrolls of immolation
 D - 5 scrolls of teleportation
 I - a scroll of fog
 V - a scroll of magic mapping
Potions
 f - 3 potions of mutation
 h - a potion of cancellation
 l - a potion of lignification {unknown}
 q - 3 potions of heal wounds
 r - 3 potions of curing
 C - 2 potions of magic
 E - a potion of berserk rage
 F - 3 potions of flight
 G - 2 potions of might {unknown}


   Skills:
 + Level 11.6 Fighting
 + Level 11.0 Axes
 + Level 17.3 Crossbows
 + Level 9.1 Armour
 + Level 8.2 Dodging
 + Level 4.3 Stealth
 + Level 3.3 Shields
 + Level 0.1 Invocations
 + Level 2.1 Evocations


You had 13 spell levels left.
You didn't know any spells.
Your spell library contained the following spells:

 Spells                   Type           Power      Damage    Failure   Level
 Corpse Rot               Necr/Air       N/A        N/A       58%         2
 Poisonous Vapours        Pois/Air       0%         N/A       58%         2
 Sublimation of Blood     Necr           0%         N/A       58%         2
 Wereblood                Tmut           0%         N/A       58%         2
 Conjure Flame            Conj/Fire      0%         6-21      83%         3
 Ignite Poison            Fire/Tmut/Pois 0%         N/A       83%         3
 Ozocubu's Armour         Ice            0%         N/A       83%         3
 Portal Projectile        Hex/Tloc       0%         N/A       83%         3
 Stone Arrow              Conj/Erth      0%         3d7       83%         3
 Sticky Flame             Conj/Fire      0%         2d3       99%         4
 Blade Hands              Tmut           0%         N/A       100%        5
 Bolt of Magma            Conj/Fire/Erth 0%         4d4       100%        5
 Excruciating Wounds      Necr           0%         N/A       100%        5
 Freezing Cloud           Conj/Ice/Air   0%         6-21      100%        5
 Metabolic Englaciation   Hex/Ice        0%         N/A       100%        5
 Simulacrum               Ice/Necr       0%         N/A       100%        6
 Summon Hydra             Summ           0%         N/A       100%        7
 Shatter                  Erth           0%         3d5*      100%        9


Dungeon Overview and Level Annotations

Branches:
Dungeon (11/15)            Temple (1/1) D:4            Lair (4/6) D:10
 Shoals (0/4) Lair:2          Orc (2/2) D:9             Elf (0/3) Orc:2
Ossuary (visited)
  Snake: Lair:2-4    Spider: Lair:2-4

Altars:
Ashenzari
Cheibriados
Dithmenos
Elyvilon
Fedhas
Gozag
Hepliaklqana
Kikubaaqudgha
Makhleb
Nemelex Xobeh
Okawaru
Qazlal
Ru
Sif Muna
Trog
Uskayaw
Vehumet
Wu Jian
Xom
Yredelemnul
Zin
The Shining One
Beogh
Lugonu

Shops:
D:5 [   D:7 !   Orc:1 ?   Orc:2 =?:!


Innate Abilities, Weirdness & Mutations

You are resistant to damage.
You can heal yourself by infusing magical energy.
You resist negative energy. (rN+)
You passively map the area around you.
You do not regenerate.


Message History

The Executioner hits you but does no damage.
The torpor snail bites you but does no damage.
You are engulfed in calcifying dust.
The Executioner hits you but does no damage. x2
The Executioner hits you. x2; The Executioner completely misses you.
The Executioner hits you! The yak gores you but does no damage.
The Executioner barely misses you. The Executioner hits you. x2
The catoblepas breathes a plume of calcifying dust at you.
The blast of calcifying dust hits you.
You turn to flesh and can move again.
As you read the scroll of teleportation, it crumbles to dust.
You feel strangely unstable.
You are engulfed in calcifying dust.
You recover from your berserk rage.
The Executioner closely misses you. The Executioner barely misses you. x2
The Executioner hits you but does no damage. x3
The Executioner hits you!
The Executioner hits you but does no damage. x2
The yak gores you but does no damage. The torpor snail misses you.
The Executioner hits you!
The Executioner hits you but does no damage. x2
The catoblepas gores you!!
* * * LOW HITPOINT WARNING * * *
The yak gores you but does no damage.
Really attack while wielding the +3 arbalest of Decaying Optimality {venom, Str+4}?
Okay, then.
You feel much better.
You are engulfed in calcifying dust.
The Executioner hits you!
* * * LOW HITPOINT WARNING * * *
The Executioner hits you.
* * * LOW HITPOINT WARNING * * *
The Executioner closely misses you. The Executioner hits you.
The Executioner misses you.
The Executioner hits you but does no damage.
The Executioner hits you!
* * * LOW HITPOINT WARNING * * *
The Executioner hits you but does no damage.
The Executioner hits you.
* * * LOW HITPOINT WARNING * * *
The Executioner hits you!
You die...

♣.♣ #######.# #P..
♣.♣♣♣♣♣♣♣#♣* *♣#.#
#... .♣....PP♣#.
.### #...
P.,###..P≈P♣#.* *.#
#... P..#[#.....♣#.
, .# ##..
...#.#...h.♣#.###.#
##..
.........h.♣*#...#
#...
##.....###.♣##(1Y##
#...
$...≈...,#♣†((.Y@.#
#...
##..P((###(♣##.w.##
##.. (.....((((§♣
#..§# #..
...#.#(..Y1♣#.###.#
#.. ... #÷....♣#.
.# #..
...###...≈.♣#. *.#
##.. ....♣.....P♣#.
.# #...
***♣.♣♣♣♣♣♣♣#♣ ,
♣### #... ##♣.♣##
### ###.## #####..


You could see a catoblepas (very poisoned), an Executioner (summoned, fast), a
torpor snail and a yak.

Vanquished Creatures
  An orc warlord (Orc:1)
  4 hydras
  A catoblepas (Lair:4)
  Erolcha (D:9)
  Erica (Orc:1)
  2 two-headed ogres
  3 death yaks
  10 orc high priests (Orc:2)
  A fire crab (Lair:4)
  Pikel (D:4)
  4 oklob plants (Lair:4)
  3 orc sorcerers
  2 cyclopes
  7 elephants
  A merfolk siren (Lair:2)
  A manticore (D:9)
  10 cane toads
  A torpor snail (Lair:4)
  4 black mambas
  2 rime drakes
  Psyche (D:8)
  3 kobold demonologists
  10 komodo dragons
  2 trolls
  24 blink frogs
  4 dream sheep
  71 yaks
  A wraith (D:9)
  2 wyverns
  4 shadows
  2 basilisks (D:10)
  2 steam dragons
  8 wargs
  An acid dragon (D:9)
  11 water moccasins
  A black bear (D:8)
  2 ice beasts
  20 orc warriors
  7 ogres
  A necrophage (D:4)
  5 centaurs
  5 wolves
  2 lemures (D:4)
  A phantom (D:4)
  8 kobold brigands
  Blork the orc (D:4)
  12 bullfrogs
  A scorpion (D:6)
  2 troll zombies (D:9)
  A water moccasin skeleton (D:6)
  8 killer bees (D:9)
  2 howler monkeys
  3 wights (D:8)
  A hound (D:7)
  8 centaur zombies
  A bullfrog zombie (D:6)
  A jelly (D:4)
  29 orc priests
  A gnoll shaman (D:8)
  2 centaur skeletons (D:7)
  3 iguanas (D:6)
  Terence (D:2)
  16 orc wizards
  A killer bee zombie (D:9)
  4 ogre zombies (D:9)
  5 mummies (Ossuary)
  A hound skeleton (D:4)
  8 gnolls
  A howler monkey zombie (D:7)
  7 adders
  2 shadow imps
  A white imp (D:5)
  2 ufetubi
  2 worms
  A dart slug (D:1)
  72 orcs
  4 ball pythons
  6 endoplasms
  14 giant cockroaches
  6 goblins
  A hobgoblin (D:4)
  2 jackals (D:1)
  24 kobolds
  A quokka (D:4)
  3 bats
  2 frilled lizards
  A goblin skeleton (D:9)
  3 goblin zombies (D:9)
  A hobgoblin skeleton (D:9)
  5 hobgoblin zombies
  3 orc skeletons (D:9)
  8 orc zombies (D:9)
  5 rats
547 creatures vanquished.

Vanquished Creatures (collateral kills)
  An elephant (Lair:3)
1 creature vanquished.

Vanquished Creatures (others)
  2 dream sheep (D:5)
  A yak (Lair:4)
  A gnoll (D:8)
  17 fungi
  58 plants
79 creatures vanquished.

Grand Total: 627 creatures vanquished

Notes
Turn   | Place    | Note
-------+----------+-------------------------------------------
     0 | D:1      | Urokeeper the Deep Dwarf Hunter began the quest for the
                  | Orb.
     0 | D:1      | Reached XP level 1. HP: 19/19 MP: 1/1
   195 | D:1      | Reached XP level 2. HP: 26/26 MP: 2/2
   338 | D:1      | Reached skill level 5 in Crossbows
   525 | D:1      | Reached skill level 1 in Armour
   713 | D:2      | Reached XP level 3. HP: 32/32 MP: 3/3
  1100 | D:2      | Reached XP level 4. HP: 37/39 MP: 4/4
  1233 | D:2      | Reached skill level 6 in Crossbows
  1376 | D:2      | Noticed Terence
  1381 | D:2      | Killed Terence
  1720 | D:3      | Found an iron altar of Okawaru.
  1878 | D:3      | Found a sparkling altar of Nemelex Xobeh.
  2081 | D:3      | Found an ornate altar of the Wu Jian Council.
  2102 | D:3      | Found a burning altar of Makhleb.
  2104 | D:3      | Noticed a blizzard demon
  2479 | D:4      | Noticed a lemure
  2479 | D:4      | Noticed a lemure
  2480 | D:4      | Noticed a lemure
  2544 | D:4      | Found a staircase to the Ecumenical Temple.
  2560 | D:4      | Noticed a phantom
  2565 | Temple   | Entered the Ecumenical Temple
  2635 | D:4      | Killed a phantom
  2636 | D:4      | Reached XP level 5. HP: 28/46 MP: 5/5
  2717 | D:4      | Noticed Blork the orc
  2722 | D:4      | Killed Blork the orc
  2723 | D:4      | Reached skill level 7 in Crossbows
  2729 | D:4      | Noticed a necrophage
  2735 | D:4      | Killed a necrophage
  2736 | D:4      | Reached XP level 6. HP: 55/55 MP: 5/5
  2919 | D:4      | Noticed Pikel
  2933 | D:4      | Killed Pikel
  2934 | D:4      | Reached skill level 8 in Crossbows
  2934 | D:4      | Reached XP level 7. HP: 59/62 MP: 6/6
  3040 | D:4      | Found a blossoming altar of Fedhas.
  3091 | D:4      | Reached skill level 9 in Crossbows
  3181 | D:3      | Noticed a ynoxinul
  3181 | D:3      | Noticed a ynoxinul
  3183 | D:3      | Became a worshipper of Makhleb the Destroyer
  3210 | D:5      | Entered Level 5 of the Dungeon
  3451 | D:5      | Reached XP level 8. HP: 38/70 MP: 5/5
  3917 | D:5      | Found Secunn's Armour Emporium.
  3966 | D:5      | Found a hide-covered altar of Uskayaw.
  4225 | D:5      | Found a glowing golden altar of the Shining One.
  4283 | D:5      | Noticed a dream sheep
  4283 | D:5      | Noticed a dream sheep
  4283 | D:5      | Noticed a dream sheep
  4283 | D:5      | Noticed a dream sheep
  4283 | D:5      | Noticed a dream sheep
  4283 | D:5      | Found a shimmering altar of Xom.
  4286 | D:5      | Killed a dream sheep
  4286 | D:5      | Killed a dream sheep
  4287 | D:5      | Killed a dream sheep
  4288 | D:5      | Reached skill level 10 in Crossbows
  4288 | D:5      | Killed a dream sheep
  4288 | D:5      | Killed a dream sheep
  4463 | D:5      | Found a hazy altar of Hepliaklqana.
  4493 | D:5      | Found a bloodstained altar of Trog.
  4786 | D:6      | Reached * piety under Makhleb
  4941 | D:6      | Reached skill level 11 in Crossbows
  4945 | D:6      | Found an ancient bone altar of Kikubaaqudgha.
  5045 | D:6      | Gained mutation: You passively map the area around you.
                  | [Deep Dwarf growth]
  5045 | D:6      | Reached XP level 9. HP: 59/80 MP: 5/5
  5517 | D:7      | Reached skill level 5 in Fighting
  5654 | D:7      | Reached skill level 1 in Shields
  5673 | D:7      | Found a sand-covered staircase.
  5773 | D:7      | Found Alahodul's Distillery.
  5822 | D:7      | Reached ** piety under Makhleb
  5904 | Ossuary  | Entered an ossuary
  6198 | D:7      | Found a snail-covered altar of Cheibriados.
  6198 | D:7      | Found a shimmering blue altar of Sif Muna.
  6509 | D:8      | Noticed a cyclops
  6516 | D:8      | Killed a cyclops
  6517 | D:8      | Reached skill level 12 in Crossbows
  6663 | D:8      | Found a flagged portal.
  6727 | D:8      | Found a radiant altar of Vehumet.
  6736 | D:8      | Reached XP level 10. HP: 48/92 MP: 6/6
  6774 | D:8      | Noticed Psyche
  6791 | D:8      | Killed Psyche
  6907 | D:8      | Reached *** piety under Makhleb
  7177 | D:8      | Identified a scroll of acquirement
  7181 | D:8      | Acquired the +3 arbalest of Decaying Optimality {venom,
                  | Str+4}
  7247 | D:9      | Reached skill level 5 in Dodging
  7387 | D:9      | Reached **** piety under Makhleb
  7388 | D:9      | Found a staircase to the Orcish Mines.
  7397 | D:9      | Reached skill level 1 in Axes
  7628 | D:9      | Noticed a manticore
  7632 | D:9      | Killed a manticore
  7663 | D:9      | Reached XP level 11. HP: 74/103 MP: 7/7
  7827 | D:9      | You fall into a shaft and drop 2 floors!
  7845 | D:10     | Entered Level 10 of the Dungeon
  7853 | D:10     | Found a broken altar of Ashenzari.
  7933 | D:10     | Noticed a flayed ghost
  7936 | D:10     | Noticed a centaur warrior
  7937 | D:10     | Noticed a wizard
  7940 | D:10     | Noticed a deep elf pyromancer
  7976 | D:10     | Identified the +7 scale mail of Living Surprise {rF+}
  8008 | D:10     | Reached skill level 13 in Crossbows
  8124 | D:9      | Noticed Erolcha
  8129 | D:9      | Killed Erolcha
  8130 | D:9      | Reached skill level 5 in Armour
  8161 | D:9      | Noticed a two-headed ogre
  8164 | D:9      | Killed a two-headed ogre
  8498 | D:9      | Found a glowing silver altar of Zin.
  8700 | D:10     | Noticed a two-headed ogre
  8704 | D:10     | Killed a two-headed ogre
  8919 | D:10     | Reached skill level 14 in Crossbows
  8960 | D:10     | Found a staircase to the Lair.
  9029 | D:10     | Identified the +2 war axe of the Five Spines {vorpal, +Rage
                  | Str+3}
  9490 | D:11     | Noticed a death knight
  9490 | D:11     | Noticed a phantasmal warrior
  9564 | Orc:1    | Entered Level 1 of the Orcish Mines
  9602 | Orc:1    | Found Juraoxt's Magic Scroll Shoppe.
  9616 | Orc:1    | Noticed an orc sorcerer
  9617 | Orc:1    | Reached ***** piety under Makhleb
  9620 | Orc:1    | Noticed an orc warlord
  9621 | Orc:1    | Killed an orc sorcerer
  9626 | Orc:1    | Noticed Erica
  9644 | Orc:1    | Killed an orc warlord
  9645 | Orc:1    | Reached XP level 12. HP: 92/114 MP: 8/8
  9695 | Orc:1    | Killed Erica
  9696 | Orc:1    | Reached skill level 15 in Crossbows
  9723 | Orc:1    | Bought a scroll of acquirement for 676 gold pieces
  9723 | Orc:1    | Acquired the +0 pair of gloves "Koace" {Fly rF+ Str+4}
 10257 | Orc:2    | Entered Level 2 of the Orcish Mines
 10289 | Orc:2    | Found a staircase to the Elven Halls.
 10323 | Orc:2    | Noticed an orc high priest
 10328 | Orc:2    | Killed an orc high priest
 10400 | Orc:2    | Noticed an orc high priest
 10408 | Orc:2    | Killed an orc high priest
 10408 | Orc:2    | Noticed an orc high priest
 10414 | Orc:2    | Killed an orc high priest
 10455 | Orc:2    | Noticed an orc high priest
 10458 | Orc:2    | Noticed an orc high priest
 10469 | Orc:2    | Killed an orc high priest
 10524 | Orc:2    | Killed an orc high priest
 10525 | Orc:2    | Reached skill level 5 in Axes
 10533 | Orc:2    | Found Cuidek's Magic Scroll Shoppe.
 10533 | Orc:2    | Found Qop Tism's Jewellery Shop.
 10673 | Orc:2    | Noticed an orc high priest
 10679 | Orc:2    | Killed an orc high priest
 10790 | Orc:2    | Reached skill level 10 in Fighting
 10921 | Orc:2    | Noticed an orc high priest
 10923 | Orc:2    | Noticed an orc high priest
 10925 | Orc:2    | Killed an orc high priest
 10930 | Orc:2    | Killed an orc high priest
 10931 | Orc:2    | Reached ****** piety under Makhleb
 10948 | Orc:2    | Noticed an orc high priest
 10948 | Orc:2    | Noticed an orc high priest
 10967 | Orc:2    | Killed an orc high priest
 10982 | Orc:2    | Killed an orc high priest
 10983 | Orc:2    | Reached skill level 16 in Crossbows
 11160 | Orc:2    | Found Vuocuew's Distillery.
 11160 | Orc:2    | Found Xaewn's Book Shop.
 11451 | Orc:2    | Bought 2 potions of heal wounds for 140 gold pieces
 11451 | Orc:2    | Bought a potion of heal wounds for 70 gold pieces
 11451 | Orc:2    | Bought a potion of heal wounds for 70 gold pieces
 11708 | Lair:1   | Entered Level 1 of the Lair of Beasts
 11719 | Lair:1   | Reached skill level 1 in Evocations
 11732 | Lair:1   | Reached XP level 13. HP: 114/123 MP: 1/1
 12832 | Orc:2    | Bought the ring of Peaklits {rPois rF+ Will- Int+4 Dex+3}
                  | for 700 gold pieces
 13267 | Lair:2   | Found a staircase to the Shoals.
 13370 | Lair:2   | You are sucked into a shaft and drop 2 floors!
 13971 | Lair:4   | Reached skill level 17 in Crossbows
 13973 | Lair:4   | Gained mutation: You resist negative energy. (rN+) [Deep
                  | Dwarf growth]
 13973 | Lair:4   | Reached XP level 14. HP: 135/135 MP: 2/2
 14104 | Lair:4   | Reached skill level 10 in Axes
 14474 | Lair:4   | Identified the +0 scale mail of Cann {Rampage Fly rPois
                  | Str-4}
 15125 | Lair:3   | Noticed an Executioner
 15188 | Lair:3   | Slain by an Executioner

Illustrated notes

Levels and vault maps discovered:
D:1:      psy_arrival_fountain, layout_loops_ring
D:2:      minmay_roachtagon, layout_loops_corners, uniq_terence
D:3:      layout_basic, nemelex_diamond_rough_becter,
          nicolae_wu_jian_immortal_techniques, makhleb_altar_promises_db,
          lemuel_tele_altar, serial_glass, glass_columns_b, glass_columns_c
D:4:      layout_rooms, fedhas_altar_4, temple_green, uniq_pikel,
          uniq_blork_the_orc
D:5:      layout_layer_cave, kb_xom_exploding_sheep, nicolae_uskayaw_suspiria,
          nicolae_tso_swordbearing_angel, mainiacjoe_overflow_two_lobes,
          serial_shops, nicolae_lakefront_shop, minmay_liquid_box
D:6:      layout_gridville, mainiacjoe_overflow_chevrons,
          minmay_misc_feat_diagonals, mumra_transporter_accident
D:7:      layout_rooms, gammafunk_temple_overflow_wave,
          nicolae_ossuary_entry_monument, serial_shops, nicolae_take_the_stairs,
          kennysheep_nub, serial_bayou_pond_a
D:8:      layout_cave_pods, kennysheep_mini, enter_bailey_6, uniq_psyche
D:9:      layout_irregular_city, zin_treasury, zombieorc1_lemuel,
          minmay_misc_feat_square, grunt_ministairs_10, uniq_erolcha
D:10:     layout_long_grid, evilmike_ruin_ashenzari, erik_lair_dragon,
          onia_ninara_dug_in_and_dangerous
D:11:     layout_gridville
Temple:   corrupted_temple
Lair:1:   layout_loops_ring, gauntlet_entry_generic, serial_bayou_pond_e,
          serial_bayou_shore_a, lemuel_fruit_tree, grunt_megastairs_4
Lair:2:   layout_layer_cave, minmay_shoals_entry_lonely_mermaid,
          minmay_snake_entry_six_corridors
Lair:3:   nzn_winding_woodlands_large [nzn_winding_woodlands_5x5_three,
          nzn_winding_woodlands_5x15_cabin, nzn_winding_woodlands_5x5_default,
          nzn_winding_woodlands_center_pierced_h,
          nzn_winding_woodlands_15x15_five_gardens,
          nzn_winding_woodlands_center_garden,
          nzn_winding_woodlands_5x5_checkerboard,
          nzn_winding_woodlands_5x15_default, nzn_winding_woodlands_hourglass],
          layout_big_grid, minivault_26, uniq_nergalle
Lair:4:   layout_concentric_octagons, minivault_26, nicolae_lair_yak_garden,
          minmay_lair_oklob_chamber
Orc:1:    layout_caves, serial_shops, shop, lemuel_statue_altar, uniq_erica
Orc:2:    st_orc_town, layout_caves, basic_altar

Skill      XL: |  1  2  3  4  5  6  7  8  9 10 11 12 13 14 |
---------------+-------------------------------------------+-----
Crossbows      | 5 6 7 8 9 11 12 14 16 17 | 17.3
Armour         | 1 2 3 4 5 7 8 9 |  9.1
Fighting       | 2 3 4 6 8 9 10 11 | 11.6
Stealth        | 2 3 4 |  4.3
Dodging        | 3 4 5 6 7 8 |  8.2
Shields        | 2 3 |  3.3
Axes           | 3 4 7 9 11 | 11.0
Evocations     | 1 2 |  2.1
Invocations    | |  0.1

Action                   |  1- 3 |  4- 6 |  7- 9 | 10-12 | 13-15 || total
-------------------------+-------+-------+-------+-------+-------++-------
Melee: Battleaxe         |       |       |       |    50 |       ||    50
       War axe           |       |       |       |    66 |   140 ||   206
 Fire: Hand crossbow     |    78 |    97 |   333 |    31 |       ||   539
       Arbalest          |       |       |       |   447 |   317 ||   764
Invok: Greater Servant o |       |       |       |       |     1 ||     1
 Abil: Heal Wounds       |       |     2 |     7 |    25 |     8 ||    42
       Evoke Berserk Rag |       |       |       |     2 |     4 ||     6
  Use: Scroll            |       |     1 |       |    28 |     8 ||    37
       Potion            |       |       |       |     1 |     2 ||     3
Armor: Leather armour    |     3 |    13 |    77 |    50 |       ||   143
       Scale mail        |       |       |       |   113 |   250 ||   363
Dodge: Dodged            |     9 |    15 |   153 |   265 |   265 ||   707
       Repelled          |       |       |     1 |     2 |     3 ||     6
Block: Buckler           |       |     1 |    43 |     5 |       ||    49
